 Dungeon Crawl Stone Soup version 0.29.1-1-gd02db6906a (webtiles) character file.

Game seed: 11698417856575593011

94479 Metae the Warrior (level 15, -1/150 HPs)
             Began as a Minotaur Fighter on Sept 25, 2022.
             Was a High Priest of Trog.
             Succumbed to a redback's poison
             ... on level 1 of the Spider Nest.
             The game lasted 03:02:26 (34724 turns).

Metae the Warrior (Minotaur Fighter)               Turns: 34724, Time: 03:02:26

Health: -1/150     AC: 31    Str: 28    XL:     15   Next: 63%
Magic:  14/14      EV: 23    Int:  5    God:    Trog [*****.]
Gold:   2488       SH:  7    Dex: 10    Spells: 14/14 levels left

rFire   + + .      SeeInvis .   K - +10 lance "Wyrmbane" {slay drac, rPois rF+ rC+ AC+3}
rCold   + . .      Faith    .   c - +0 buckler
rNeg    . . .      Spirit   .   G - +4 plate armour
rPois   +          Reflect  .   (helmet restricted)
rElec   .          Harm     .   F - +2 cloak {Will+}
rCorr   +          Rampage  .   Q - +1 pair of gloves
Will    ++...                   (no boots)
Stlth   ..........              W - amulet of Winter {Acrobat rCorr}
HPRegen 0.35/turn               g - +4 ring of slaying
MPRegen 0.14/turn               z - ring of protection from fire

@: lethally poisoned (-1 -> -22), on berserk cooldown, acrobatic, slowed,
studying Fighting, very slow
A: horns 2, retaliatory headbutt, no potion heal 1
a: Renounce Religion, Berserk, Trog's Hand, Brothers in Arms


You were on level 1 of the Spider Nest.
You worshipped Trog.
Trog was extremely pleased with you.
You visited 5 branches of the dungeon, and saw 23 of its levels.
You also visited: Ossuary and Ice Cave.

You collected 2708 gold pieces.
You spent 220 gold pieces at shops.

Inventory:

Hand Weapons
 a - a +4 antimagic eveningstar
 b - a +2 sling
 K - the +10 lance "Wyrmbane" (weapon) {slay drac, rPois rF+ rC+ AC+3}
   (You took it off Maggie on level 7 of the Dungeon)

   It inflicts extra damage against dragons and draconians.
   AC:        It affects your AC (+3).
   rF:        It protects you from fire.
   rC:        It protects you from cold.
   rPois:     It protects you from poison.
 V - a +8 demon trident of flaming
Missiles
 e - 137 stones (quivered)
 E - 36 poisoned darts
Armour
 c - a +0 buckler (worn)
 x - a scarf of resistance
 F - a +2 cloak of willpower (worn)
 G - a +4 plate armour (worn)
 L - +0 swamp dragon scales
 Q - a +1 pair of gloves (worn)
 X - +0 fire dragon scales
Jewellery
 g - a +4 ring of slaying (left hand)
 p - a ring of positive energy
 r - a ring of protection from fire
 s - a ring of protection from cold
 u - an amulet of regeneration
 z - a ring of protection from fire (right hand)
 I - a ring of see invisible
 P - a ring of poison resistance
 R - a +6 ring of dexterity
 W - the amulet of Winter (around neck) {Acrobat rCorr}
   (You found it on level 5 of the Lair of Beasts)

   [amulet of the acrobat]

   It increases your evasion while moving and waiting.
   rCorr:     It protects you from acid and corrosion.
 Y - a ring of willpower
Wands
 m - a wand of digging (5)
 o - a wand of flame (25)
 y - a wand of charming (23)
 B - a wand of polymorph (8)
 D - a wand of light (5)
 H - a wand of mindburst (18)
 J - a wand of iceblast (13)
Scrolls
 f - 9 scrolls of magic mapping
 k - 5 scrolls of blinking
 l - 11 scrolls of teleportation
 n - a scroll of brand weapon
 C - a scroll of silence
 M - 5 scrolls of fog
 Z - 2 scrolls of fear
Potions
 d - 8 potions of might
 h - a potion of cancellation {unknown}
 i - 8 potions of curing
 j - 3 potions of haste
 q - 4 potions of flight
 t - 3 potions of ambrosia
 v - 2 potions of resistance
 w - 7 potions of heal wounds
 N - 2 potions of lignification
 O - a potion of degeneration {unknown}
 S - a potion of magic {unknown}
 T - 7 potions of mutation {unknown}
 U - 3 potions of attraction {unknown}
Miscellaneous
 A - a box of beasts


   Skills:
 + Level 18.6 Fighting
 - Level 14.8 Polearms
 + Level 4.8 Ranged Weapons
 + Level 17.8 Armour
 - Level 14.0 Shields
 - Level 8.3 Evocations


You had 14 spell levels left.
You didn't know any spells.
Your spell library was empty.

Dungeon Overview and Level Annotations

Branches:
Dungeon (14/15)            Temple (1/1) D:4            Lair (5/5) D:8
  Swamp (0/4) Lair:3       Spider (1/4) Lair:3        Slime (0/5) Lair:5
    Orc (2/2) D:12            Elf (0/3) Orc:2        Vaults (0/5) D:14
Ossuary (visited)           IceCv (visited)

Altars:
Ashenzari
Cheibriados
Dithmenos
Elyvilon
Fedhas
Gozag
Hepliaklqana
Kikubaaqudgha
Makhleb
Nemelex Xobeh
Okawaru
Qazlal
Ru
Sif Muna
Trog
Uskayaw
Vehumet
Wu Jian
Xom
Yredelemnul
Zin
The Shining One
Jiyva

Shops:
D:4 *   D:6 [   Orc:2 [:*(

Annotations:
D:8 exclusion: ice statue
Lair:2 Aryth's ghost, journeyman TrGl


Innate Abilities, Weirdness & Mutations

You have a pair of horns on your head.
You reflexively headbutt those who attack you in melee.
Potions are less effective at restoring your health.


Message History

You feel very sick. The jumping spider pounces on you!
* * * LOW HITPOINT WARNING * * *
The jumping spider bites you but does no damage.
You are too berserk!
Unknown command.
You are too berserk!
You are covered in liquid flames!
You are no longer on fire.
* * * LOW HITPOINT WARNING * * *
You feel very sick.
The jumping spider leaps!
The culicivora completely misses you. You furiously retaliate!
You headbutt the culicivora!! The redback bites you!
* * * LOW HITPOINT WARNING * * *
The redback misses you. You furiously retaliate!
You headbutt the redback!!
Things that are here:
a sun moth corpse; a jumping spider corpse
Okay, then.
The culicivora attacks as you move away!
The culicivora completely misses you.
You feel a strong urge to attack something.
* * * LOW HITPOINT WARNING * * *
You feel very sick.
The redback is healed somewhat.
The jumping spider leaps!
The jumping spider attacks as you move away!
The jumping spider barely misses you.
The jumping spider bites you but does no damage.
* * * LOW HITPOINT WARNING * * *
You feel very sick.
The jumping spider leaps!
The redback completely misses you. You furiously retaliate!
You headbutt the redback!
You are too berserk!
You are too berserk!
Okay, then.
You are too berserk!
You are too berserk!
You feel your anger nearly subside.
You are no longer berserk.
You are exhausted.
You feel yourself slow down.
You die...

..#.## .....# ..#..# ..####
## .## ##. ..# #.. ..# #.##
# ^.##########..###### ##
.##
........##.....†@..##.#...#
#.............††.s.s.......
#...#....###..#..#ss.##..#
#.>.######....#..#†.†°.#
........##....#....#....#
#..#...###....#.s..#..###
...##....##...#..#.##...
...#.....#....#.....#s..#
.#...#...#....#.#...#°...#


You could see a culicivora, 2 jumping spiders and 2 redbacks.

Vanquished Creatures
  A cacodemon (D:13)
  An orc warlord (Orc:1)
  An emperor scorpion (Spider:1)
  A balrug (D:13)
  A reaper (IceCv)
  Nessos (D:12)
  2 green deaths (D:13)
  A blizzard demon (D:13)
  A fire dragon (Lair:5)
  Fannar (Lair:2)
  3 catoblepae
  A boulder beetle (D:11)
  6 hydras
  4 vault guards (D:14)
  4 two-headed ogres
  2 centaur warriors (D:14)
  The ghost of funaii the Summoner, a journeyman BaSu of the Shining One (D:11)
  A dancing weapon (D:11)
  An orc high priest (Orc:2)
  Urug (Lair:2)
  Nergalle (Orc:2)
  A sun demon (D:13)
  A soul eater (D:13)
  A sun moth (Spider:1)
  A pharaoh ant (Spider:1)
  An orb spider (Spider:1)
  A wizard (D:14)
  A swamp dragon (Lair:5)
  The ghost of dittoslash the Ducker, a novice GnMo (D:5)
  6 orc knights
  3 deep elf pyromancers
  A manticore (D:10)
  2 cyclopes
  3 orc sorcerers
  10 ugly things
  2 wolf spiders
  A rust devil (D:13)
  A guardian serpent (Lair:5)
  Joseph (D:8)
  An orange demon (D:13)
  2 ice statues (IceCv)
  2 torpor snails
  8 black mambas (Lair:5)
  2 gargoyles (D:14)
  16 cane toads
  Maggie (D:7)
  A smoke demon (D:13)
  5 kobold demonologists
  2 unseen horrors
  8 komodo dragons
  A yaktaur (D:14)
  4 rime drakes (Lair:5)
  A hellwing (D:13)
  An anaconda simulacrum (IceCv)
  6 ice devils
  3 trolls
  3 meliai (D:14)
  3 hornets (Lair:5)
  16 blink frogs
  10 dream sheep
  2 tarantellas
  2 culicivoras (Spider:1)
  6 wraiths
  10 jumping spiders (Spider:1)
  A vampire (D:10)
  3 dire elephant simulacra (IceCv)
  41 yaks
  6 basilisks
  14 wyverns
  Grum (D:11)
  4 steam dragons
  15 redbacks
  3 vampire mosquitoes (D:13)
  A chaos spawn (D:13)
  Menkaure (D:5)
  2 harpy simulacra (IceCv)
  4 wargs
  3 acid dragons
  4 hydra simulacra (IceCv)
  3 swamp drakes
  24 water moccasins
  30 orc warriors
  A sky beast (D:7)
  3 ice beasts
  2 black bears
  8 ogres
  20 wolves
  7 centaurs
  Blork the orc (D:5)
  5 kobold brigands
  2 elf zombies (Ossuary)
  2 gnoll sergeants (D:9)
  20 bullfrogs
  A scorpion (D:5)
  2 cane toad simulacra (IceCv)
  12 wights
  16 killer bees
  An elephant simulacrum (IceCv)
  5 howler monkeys (D:9)
  2 jellies
  2 electric eels
  Crazy Yiuf (D:6)
  A centaur zombie (Ossuary)
  4 hounds
  A human zombie (Ossuary)
  17 orc priests
  A gnoll bouda (D:6)
  5 iguanas
  32 orc wizards
  2 hell rats (Lair:2)
  A spriggan simulacrum (IceCv)
  2 mummies (Ossuary)
  23 gnolls
  A naga simulacrum (IceCv)
  9 adders
  8 river rats (Lair:2)
  A shadow imp (D:5)
  13 white imps
  An ufetubus (D:6)
  An adder zombie (Ossuary)
  2 worms
  4 dart slugs
  58 orcs
  5 endoplasms
  3 giant cockroaches
  5 goblins
  6 hobgoblins
  11 jackals
  21 kobolds
  3 quokkas
  3 ball pythons
  6 bats
  4 frilled lizards
  A goblin zombie (Ossuary)
  11 hobgoblin zombies (Ossuary)
  6 kobold zombies (Ossuary)
  11 orc zombies (Ossuary)
  2 rats (D:2)
  2 rat zombies (Ossuary)
  A spectral orc (D:10)
751 creatures vanquished.

Vanquished Creatures (collateral kills)
  A troll (D:13)
  A wraith (D:13)
2 creatures vanquished.

Vanquished Creatures (others)
  An iguana (Lair:5)
  48 fungi
  161 plants
  2 withered plants (Lair:1)
212 creatures vanquished.

Grand Total: 965 creatures vanquished

Notes
Turn   | Place    | Note
-------+----------+-------------------------------------------
     0 | D:1      | Metae the Minotaur Fighter began the quest for the Orb.
     0 | D:1      | Reached XP level 1. HP: 19/19 MP: 0/0
   420 | D:1      | Reached XP level 2. HP: 26/27 MP: 1/1
   587 | D:1      | Reached skill level 4 in Fighting
   700 | D:1      | Reached XP level 3. HP: 32/33 MP: 2/2
  1339 | D:2      | Found a faded altar of an unknown god.
  1650 | D:2      | Reached XP level 4. HP: 40/40 MP: 3/3
  2267 | D:3      | Found Ywuem's General Store.
  2725 | D:4      | Found a bloodstained altar of Trog.
  2727 | D:4      | Found a broken altar of Ashenzari.
  2729 | D:4      | Found a blossoming altar of Fedhas.
  2729 | D:4      | Found a hide-covered altar of Uskayaw.
  2731 | D:4      | Found a basalt altar of Yredelemnul.
  2732 | D:4      | Found a shimmering blue altar of Sif Muna.
  2739 | D:4      | Became a worshipper of Trog the Wrathful
  2822 | D:4      | Found a staircase to the Ecumenical Temple.
  2832 | Temple   | Entered the Ecumenical Temple
  3136 | D:4      | Reached XP level 5. HP: 36/47 MP: 4/4
  3905 | D:4      | You fall into a shaft and drop 1 floor!
  3905 | D:5      | Entered Level 5 of the Dungeon
  4039 | D:4      | Found Jibea's Assorted Antiques.
  4265 | D:5      | Reached skill level 5 in Armour
  4265 | D:5      | Reached skill level 5 in Shields
  4274 | D:5      | Reached skill level 5 in Fighting
  4276 | D:5      | Noticed Blork the orc
  4314 | D:5      | Killed Blork the orc
  4315 | D:5      | Reached XP level 6. HP: 25/56 MP: 5/5
  4742 | D:5      | Reached * piety under Trog
  4761 | D:5      | Reached skill level 5 in Polearms
  4868 | D:5      | Noticed dittoslash's ghost (novice GnMo)
  4870 | D:5      | Found a transporter.
  4876 | D:5      | Reached XP level 7. HP: 62/62 MP: 6/6
  5171 | D:5      | Reached skill level 6 in Fighting
  5251 | D:5      | Noticed Menkaure
  5261 | D:5      | Killed Menkaure
  5904 | D:5      | Found a transporter.
  5979 | D:6      | Reached XP level 8. HP: 49/71 MP: 7/7
  6402 | D:6      | Found Mahi's Antique Armour Emporium.
  6514 | D:6      | Reached skill level 7 in Fighting
  6514 | D:6      | Reached skill level 1 in Evocations
  6620 | D:6      | Reached ** piety under Trog
  6781 | D:6      | Found a runed translucent door.
  6782 | D:6      | Noticed Crazy Yiuf
  6788 | D:6      | Killed Crazy Yiuf
  6900 | D:6      | Reached XP level 9. HP: 11/81 MP: 8/8
  7744 | D:7      | Reached skill level 8 in Fighting
  8377 | D:7      | Found a stormy altar of Qazlal.
  8457 | D:7      | Noticed Maggie
  8468 | D:7      | Killed Maggie
  8749 | D:7      | Reached skill level 1 in Ranged Weapons
  8965 | D:7      | Reached skill level 9 in Fighting
  9164 | D:8      | Noticed an ice devil
  9164 | D:8      | Noticed an ice devil
  9165 | D:8      | Noticed an ice devil
  9165 | D:8      | Noticed an ice devil
  9173 | D:8      | Found a staircase to the Lair.
  9182 | D:8      | Noticed an ice devil
  9193 | D:8      | Noticed an ice devil
  9194 | D:8      | Noticed an ice devil
  9205 | D:8      | Found a sand-covered staircase.
  9211 | Ossuary  | Entered an ossuary
  9285 | Ossuary  | Reached *** piety under Trog
  9553 | D:8      | Reached XP level 10. HP: 88/91 MP: 9/9
  9595 | D:8      | Noticed an ice statue
 10064 | D:8      | Reached **** piety under Trog
 10264 | D:8      | Found a white marble altar of Elyvilon.
 10406 | D:8      | Noticed Joseph
 10415 | D:8      | Killed Joseph
 10416 | D:8      | Reached skill level 10 in Armour
 10888 | D:9      | Reached skill level 10 in Fighting
 11460 | D:9      | Found an iron altar of Okawaru.
 11462 | D:9      | Found a glowing golden altar of the Shining One.
 11483 | D:9      | Reached skill level 10 in Polearms
 11726 | D:9      | Found a sacrificial altar of Ru.
 12097 | Lair:1   | Entered Level 1 of the Lair of Beasts
 12142 | Lair:1   | Noticed a cane toad
 12154 | Lair:1   | Killed a cane toad
 12532 | Lair:1   | Noticed a cane toad
 12533 | Lair:1   | Found a runed translucent door.
 12533 | Lair:1   | Noticed Aryth's ghost (journeyman TrGl)
 12538 | Lair:1   | Killed a cane toad
 12575 | Lair:1   | Reached XP level 11. HP: 101/101 MP: 10/10
 12598 | Lair:1   | Noticed an eight-headed hydra
 12606 | Lair:1   | Killed an eight-headed hydra
 12783 | Lair:1   | Reached skill level 11 in Fighting
 12806 | Lair:1   | Noticed a catoblepas
 12816 | Lair:1   | Killed a catoblepas
 14324 | D:5      | Killed dittoslash's ghost
 14752 | Lair:2   | Noticed Urug
 14769 | Lair:2   | Killed Urug
 14903 | Lair:2   | Noticed a seven-headed hydra
 15032 | Lair:2   | Killed a seven-headed hydra
 15033 | Lair:2   | Reached skill level 12 in Fighting
 15202 | Lair:2   | Noticed a five-headed hydra
 15223 | Lair:2   | Killed a five-headed hydra
 15224 | Lair:2   | Reached skill level 10 in Shields
 15401 | Lair:2   | Reached XP level 12. HP: 98/112 MP: 11/11
 15655 | Lair:2   | Noticed Fannar
 15720 | Lair:2   | Killed Fannar
 16324 | Lair:3   | Found a hole to the Spider Nest.
 16458 | Lair:3   | Reached ***** piety under Trog
 17038 | Lair:3   | Reached skill level 5 in Evocations
 17062 | Lair:3   | Found a staircase to the Swamp.
 17129 | Lair:3   | Reached skill level 13 in Fighting
 17244 | Lair:3   | Received a gift from Trog
 17822 | Lair:4   | Found a gate leading to a gauntlet.
 17845 | Lair:4   | Noticed a five-headed hydra
 17857 | Lair:4   | Killed a five-headed hydra
 17882 | Lair:4   | Noticed a four-headed hydra
 17891 | Lair:4   | Killed a four-headed hydra
 17904 | Lair:4   | Found a frozen archway.
 17977 | IceCv    | Entered an ice cave
 18722 | IceCv    | Noticed a reaper
 18729 | IceCv    | Killed a reaper
 18730 | IceCv    | Reached XP level 13. HP: 123/123 MP: 12/12
 20124 | Lair:5   | Entered Level 5 of the Lair of Beasts
 20124 | Lair:5   | Found a staircase to the Slime Pits.
 20124 | Lair:5   | Found a viscous altar of Jiyva.
 20138 | Lair:5   | Reached skill level 14 in Fighting
 20863 | Lair:4   | Received a gift from Trog
 21087 | Lair:5   | Identified the amulet of Winter {Acrobat rCorr}
 22164 | Lair:5   | Reached skill level 15 in Armour
 22496 | Lair:5   | Reached skill level 15 in Fighting
 22862 | Lair:5   | Noticed a fire dragon
 22872 | Lair:5   | Killed a fire dragon
 22873 | Lair:5   | Reached XP level 14. HP: 135/135 MP: 13/13
 23227 | Lair:5   | Found a staircase to the Slime Pits.
 23227 | Lair:5   | Found a viscous altar of Jiyva.
 23429 | Lair:2   | HP: 2/135 [Aryth's ghost (20)]
 24037 | D:10     | Entered Level 10 of the Dungeon
 24699 | D:10     | Found an ornate altar of the Wu Jian Council.
 25136 | D:10     | Found a hazy altar of Hepliaklqana.
 25434 | D:11     | Noticed Grum
 25442 | D:11     | Received a gift from Trog
 25449 | D:11     | Killed Grum
 25569 | D:11     | Found a runed translucent door.
 25569 | D:11     | Found a shimmering altar of Xom.
 25569 | D:11     | Noticed funaii's ghost (journeyman BaSu)
 26184 | D:11     | Killed funaii's ghost
 26369 | D:12     | Noticed Nessos
 26381 | D:12     | Killed Nessos
 26420 | D:12     | Found a staircase to the Orcish Mines.
 27052 | Orc:1    | Entered Level 1 of the Orcish Mines
 27078 | D:12     | Reached skill level 16 in Fighting
 28608 | Orc:2    | Entered Level 2 of the Orcish Mines
 28615 | Orc:2    | Received a gift from Trog
 28747 | Orc:2    | Noticed an orc warlord
 28810 | Orc:1    | Killed an orc warlord
 29507 | Orc:2    | Noticed Nergalle
 29511 | Orc:2    | Found Tarola's Antique Weapon Boutique.
 29516 | Orc:2    | Killed Nergalle
 29530 | Orc:2    | Found Xeij's General Store.
 29677 | Orc:2    | Bought a scroll of identify for 26 gold pieces
 29677 | Orc:2    | Bought a scroll of enchant armour for 97 gold pieces
 29677 | Orc:2    | Bought a scroll of enchant armour for 97 gold pieces
 29832 | Orc:2    | Found a staircase to the Elven Halls.
 30003 | Orc:2    | Found Vaqacur's Antique Armour Boutique.
 30044 | Orc:2    | Found Icumaem's Book Boutique.
 30698 | D:13     | Received a gift from Trog
 31087 | D:13     | Reached XP level 15. HP: 144/146 MP: 14/14
 31316 | D:13     | Gained mutation: Potions are less effective at restoring
                  | your health. [a cacodemon]
 31857 | D:13     | Reached skill level 17 in Fighting
 32005 | D:13     | Found a burning altar of Makhleb.
 32022 | D:13     | Identified the +0 scale mail of Classification {rC+}
 32895 | D:14     | Found a gate to the Vaults.
 33390 | D:14     | Reached skill level 18 in Fighting
 33997 | D:10     | Received a gift from Trog
 34209 | Spider:1 | Entered Level 1 of the Spider Nest
 34517 | Spider:1 | Identified the +0 scale mail of Ida Zenue {rF+ Stlth+}
 34673 | Spider:1 | Noticed an emperor scorpion
 34713 | Spider:1 | Killed an emperor scorpion
 34722 | Spider:1 | HP: 8/225 [poisoned by a redback]
 34723 | Spider:1 | HP: 3/225 [poisoned by a redback]
 34724 | Spider:1 | Succumbed to a redback's poison

Illustrated notes

Levels and vault maps discovered:
D:1:      sevenhm_arrival_forest_fort_large_3, layout_basic,
          minmay_shallow_snake_nest
D:2:      layout_loops_ring, dilly_ecumenical_altar_fadedgnrine,
          skrybe_limestone_x, minmay_increasing_density
D:3:      layout_loops_ring, serial_shops, nicolae_shop_advertising_works
          [nicolae_subvault_shop_adworks], minmay_misc_feat_iff
D:4:      layout_gridville, grunt_temple_overflow_open,
          minmay_temple_entry_poolview, serial_shops, shop
D:5:      layout_loops_ring, gammafunk_ghost_smash, grunt_ministairs_14,
          uniq_menkaure, uniq_blork_the_orc
D:6:      layout_basic, serial_shops, nicolae_shop_stone,
          eino_small_chamber_without_monster, dreamdust_mushroom_princess,
          minivault_14, uniq_crazy_yiuf_cottage
D:7:      layout_loops_ring, nicolae_qazlal_style_of_elements, uniq_maggie
D:8:      cheibrodos_frozen_isle, layout_basic, lemuel_doored_altar,
          nicolae_ossuary_entry_false_entrances, uniq_joseph
D:9:      layout_basic, nicolae_ru_the_path_less_chosen, okawaru_trees_2,
          tso_oasis_becter, minivault_26, hangedman_decor_clover_reticule
D:10:     layout_basic, mainiacjoe_overflow_six_doors_small,
          nicolae_hepliaklqana_monster_ancestors, serial_bayou,
          serial_bayou_pond_b, serial_bayou_lagoon_a, serial_bayou_pond_a,
          serial_bayou_pond_d, corexii_leaking_fountain, kennysheep_boxes
D:11:     layout_loops_cross, ebering_ghost_xom, uniq_grum
D:12:     layout_roguey, orc_0_dummy, uniq_nessos
D:13:     evilmike_makhleb_hellhole, layout_rooms, dreamdust_princess_bridge
D:14:     layout_roguey, grunt_vaults_entry_fortified, kennysheep_nub
Temple:   kb_temple_of_zot
Lair:1:   layout_layer_cave, gammafunk_ghost_grave
Lair:2:   layout_long_grid, kennysheep_rathole, lemuel_fruit_fields,
          uniq_fannar, uniq_urug
Lair:3:   layout_cave_pods, minmay_swamp_entry_reptiles,
          spider_nest_entry_rubble
Lair:4:   layout_gridlike, portal_ice_cave_entry_imps, gauntlet_entry_generic
Lair:5:   guppyfry_lair_end_dragon, layout_concentric_octagons,
          hangedman_lair_tendril_chambers, slime_entry_1
Spider:1: nicolae_spider_hilbert_zone_2 [nicolae_spider_hilbert_4_sides_1_open,
          nicolae_spider_hilbert_4_sides_1_open,
          nicolae_spider_hilbert_4_sides_1_open,
          nicolae_spider_hilbert_4_sides_1_open,
          nicolae_spider_hilbert_6_sides_1_open,
          nicolae_spider_hilbert_6_sides_1_open,
          nicolae_spider_hilbert_3_sides_1_open,
          nicolae_spider_hilbert_3_sides_1_open,
          nicolae_spider_hilbert_3_sides_1_open,
          nicolae_spider_hilbert_3_sides_1_open,
          nicolae_spider_hilbert_6_sides_1_open,
          nicolae_spider_hilbert_6_sides_1_open,
          nicolae_spider_hilbert_6_sides_1_open,
          nicolae_spider_hilbert_6_sides_1_open],
          hellmonk_watch_for_rolling_rocks
Orc:1:    layout_caves
Orc:2:    grunt_orc_cross, layout_caves

Skill      XL: |  1  2  3  4  5  6  7  8  9 10 11 12 13 14 15 |
---------------+----------------------------------------------+-----
Fighting       | 4 5 6 7 9 10 12 13 15 16 18 | 18.6
Shields        | 4 5 6 8 10 12 14 | 14.0
Armour         | 4 5 6 7 9 10 12 13 15 16 17 | 17.8
Polearms       | 3 4 5 6 7 9 10 12 13 14 | 14.8
Evocations     | 2 4 6 8 |  8.3
Ranged Weapons | 2 4 |  4.8

Action                   |  1- 3 |  4- 6 |  7- 9 | 10-12 | 13-15 || total
-------------------------+-------+-------+-------+-------+-------++-------
Melee: Trident           |    69 |    84 |   171 |       |       ||   324
       Headbutt          |     5 |    14 |    45 |   110 |   268 ||   442
       Unarmed           |       |     9 |       |       |       ||     9
       Lance             |       |       |   106 |   545 |  1227 ||  1878
 Fire: Sling             |       |       |     1 |       |       ||     1
Throw: Stone             |       |       |       |       |    45 ||    45
Invok: Berserk           |       |       |     5 |     6 |    12 ||    23
       Trog's Hand       |       |       |     1 |       |       ||     1
       Brothers in Arms  |       |       |       |       |     1 ||     1
Evoke: Wand              |       |       |       |     2 |    10 ||    12
  Use: Scroll            |     1 |     3 |     6 |     6 |    17 ||    33
       Potion            |       |       |     1 |       |     4 ||     5
Armor: Scale mail        |    58 |    32 |   127 |    28 |       ||   245
       Plate armour      |       |       |       |   226 |   528 ||   754
Dodge: Dodged            |    37 |    45 |   134 |   124 |   424 ||   764
Block: Buckler           |    20 |    28 |    80 |   127 |   259 ||   514
